 Dungeon Crawl Stone Soup version 0.27.1 (webtiles) character file.

Game seed: 2346559992326793085

41 dtburroughs the Skirmisher (level 3, -3/33 HPs)
             Began as a Minotaur Berserker on Aug 30, 2021.
             Was a Believer of Trog.
             Slain by a gnoll (6 damage)
             ... on level 2 of the Dungeon.
             The game lasted 00:02:25 (1316 turns).

dtburroughs the Skirmisher (Minotaur Berserker)     Turns: 1316, Time: 00:02:26

Health: -3/33      AC:  2    Str: 21    XL:     3   Next: 32%
Magic:  2/2        EV: 12    Int:  5    God:    Trog [**....]
Gold:   69         SH:  0    Dex:  9    Spells: 2/2 levels left

rFire    . . .     SeeInvis .   a - +0 hand axe
rCold    + . .     Faith    .   (no shield)
rNeg     . . .     Spirit   .   b - +0 animal skin
rPois    .         Reflect  .   (helmet restricted)
rElec    .         Harm     .   (no cloak)
rCorr    .         Rampage  .   (no gloves)
Will     .....                  (no boots)
Stlth    +.........             (no amulet)
HPRegen  0.11/turn              d - ring of protection from cold
MPRegen  0.08/turn              (no ring)

@: no status effects
A: horns 2, retaliatory headbutt
a: Renounce Religion, Berserk, Trog's Hand


You were on level 2 of the Dungeon.
You worshipped Trog.
Trog was pleased with you.
You visited 1 branch of the dungeon, and saw 2 of its levels.

You collected 69 gold pieces.

Inventory:

Hand Weapons
 a - a +0 hand axe (weapon)
Armour
 b - a +0 animal skin (worn)
Jewellery
 d - a ring of protection from cold (left hand)
Potions
 c - 2 potions of flight {unknown}


   Skills:
 + Level 4.1 Fighting
 + Level 4.1 Axes
 + Level 3.1 Armour
 + Level 2.8 Dodging


You had 2 spell levels left.
You didn't know any spells.
Your spell library was empty.

Dungeon Overview and Level Annotations

Branches:
Dungeon (2/15)

Altars:


Innate Abilities, Weirdness & Mutations

You have a pair of horns on your head.
You reflexively headbutt those who attack you in melee.


Message History

You headbutt the hobgoblin!
You kill the hobgoblin!
Trog accepts your kill.
A rat comes into view.
A gnoll comes into view. It is wielding a +0 spear.
A rat comes into view.
The rat closely misses you.
The rat moves out of view.
There are monsters nearby!
A gnoll comes into view. It is wielding a +0 flail.
The gnoll hits you with a +0 spear.
You barely miss the gnoll. You headbutt the gnoll!
You kill the gnoll!
Trog accepts your kill.
You barely miss the rat. The rat misses you.
The gnoll hits you with a +0 flail.
A gnoll comes into view. It is wielding a +0 club.
You see here a +0 spear.
You barely miss the gnoll.
The gnoll shouts!
You hit the rat but do no damage. You hit the rat.
You kill the rat!
Trog accepts your kill.
You can now call upon Trog for regeneration and willpower.
You hear a shout!
The gnoll hits you with a +0 flail. The rat bites you.
You hit the gnoll.
The gnoll is lightly wounded.
You hit the rat. The gnoll misses you. The rat bites you.
You hit the gnoll. You headbutt the gnoll.
The gnoll is almost dead.
You hit the gnoll but do no damage. You hit the rat.
You kill the rat!
Trog accepts your kill. The gnoll hits you with a +0 flail!
* * * LOW HITPOINT WARNING * * *
The gnoll hits you with a +0 club.
* * * LOW HITPOINT WARNING * * *
A goblin comes into view. It is wielding a +0 club.
The gnoll hits you with a +0 flail.
You die...

....... #.##......#
......# # #......# .
...)..########......#
g. #........#....#.#
... #..#####.######..
.... #..# #.........
..... #..# #########'
......##..###### #..
......g@........# #..
##..#.g.........# #..
#...........# #..
..$..........# #..
##.###.####+### #..
#. #.. #.. # #.. #..
#... ###


You could see 2 gnolls and a goblin.

Vanquished Creatures
  2 gnolls
  2 ball pythons (D:1)
  2 bats (D:1)
  An endoplasm (D:1)
  A giant cockroach (D:1)
  6 hobgoblins
  A kobold (D:1)
  2 quokkas (D:1)
  A frilled lizard (D:2)
  3 rats
21 creatures vanquished.

Notes
Turn   | Place    | Note
-------+----------+-------------------------------------------
     0 | D:1      | dtburroughs the Minotaur Berserker began the quest for the
                  | Orb.
     0 | D:1      | Reached XP level 1. HP: 19/19 MP: 0/0
   650 | D:1      | Reached XP level 2. HP: 26/27 MP: 1/1
  1270 | D:2      | Reached XP level 3. HP: 33/33 MP: 2/2
  1314 | D:2      | Reached ** piety under Trog
  1316 | D:2      | Slain by a gnoll

Illustrated notes

Levels and vault maps discovered:
D:1:      psy_arrival_statuary, layout_loops_corners, minmay_box_of_dots
D:2:      layout_basic, shapermc_ecumenical_altar_notcrosses,
          kennysheep_generic_room_4

Skill      XL: |  1  2 |
---------------+-------+-----
Fighting       | 4 |  4.1
Axes           | 4 |  4.1
Armour         | 3 |  3.1
Dodging        | |  2.8

Action                   || total
-------------------------++-------
Melee: Hand axe          ||    36
       Headbutt          ||     7
Armor: Animal skin       ||     2
Dodge: Dodged            ||    39
